AoeStats
← Cheonma

MegaRandom

506561509Analyzed
1v1 RM · 19d ago on Sep 14, 2026· 30m 15s· 2 players
Game mode
Random Map
Map size
Tiny (2 player)
Population
200
Speed
Normal
Resources
Standard
Victory
Conquest
Starting age
Dark Age
Ending age
Imperial Age
RankedLock teamsTeams togetherTeam positionsShared explorationLock speedFull tech treeHidden civsTurbo modeCheats
Victory
Defeat
🇵🇦 Koreans · Panama
1117
+17
🇦🇷 Japanese · Argentina
1133
-17
CORP_Estebann
3:47 Loom
11:23 Feudal Age
19:39 Castle Age
18:55 Double-Bit Axe
18:55 Horse Collar
20:34 Bow Saw
20:31 Scale Mail Armor
21:46 Forging
24:49 Heavy Plow
25:38 Gold Mining
Cheonma
10:48 Feudal Age
12:18 Double-Bit Axe
17:42 Castle Age
15:35 Fletching
16:27 Loom
16:41 Horse Collar
22:20 Wheelbarrow
21:45 Bodkin Arrow
Connection lost

Rejoining the realm…

Still unreachable

The connection could not be restored.

Session expired

The server has moved on; the page needs a fresh start.